 Dungeon Crawl Stone Soup version 0.20-a0-9-g62d82d9 (webtiles) character file.

157 TheAce363 the Skirmisher (level 5, 0/57 HPs)
             Began as an Ogre Berserker on Oct 31, 2016.
             Was a Believer of Trog.
             Succumbed to a scorpion's poison
             ... on level 4 of the Dungeon on Nov 1, 2016.
             The game lasted 00:15:38 (1635 turns).

TheAce363 the Skirmisher (Ogre Berserker)           Turns: 1635, Time: 00:15:39

Health: 0/57       AC:  6    Str: 23    XL:     5   Next: 38%
Magic:  5/5        EV: 11    Int:  6    God:    Trog [**....]
Gold:   131        SH:  0    Dex:  9    Spells: 0 memorised, 4 levels left

rFire  . . .     SeeInvis .     l - +2 whip (freeze)
rCold  . . .     Gourm    .     b - +0 animal skin
rNeg   . . .     Faith    .     (no shield)
rPois  .         Spirit   .     (helmet restricted)
rElec  .         Reflect  .     (no cloak)
rCorr  .         Harm     .     (gloves unavailable)
MR     .....                    (boots unavailable)
Stlth  +.........               (no amulet)
                                (no ring)
                                E - +3 ring of protection

@: lethally poisoned (0 -> -12)
A: unfitting armour, tough skin 1
a: Berserk, Trog's Hand, Burn Spellbooks, Renounce Religion


You were on level 4 of the Dungeon.
You worshipped Trog.
Trog was pleased with you.
You were not hungry.

You visited 1 branch of the dungeon, and saw 3 of its levels.

You collected 131 gold pieces.

Inventory:

Hand Weapons
 a - a +0 falchion
 e - a +0 dagger
 j - a +0 club
 l - a +2 whip of freezing (weapon)
 p - a +0 club
 w - a +0 dagger
 y - a +0 club
 A - a +0 club
 B - a +0 dagger
Missiles
 h - 46 arrows
 i - 21 poisoned needles
 k - 43 stones (quivered)
 C - 2 throwing nets
Armour
 b - a +0 animal skin (worn)
 f - a +0 leather armour
 q - a +0 ring mail
 r - a +0 ring mail
 t - a +0 ring mail
 u - a +0 leather armour
Jewellery
 g - a +4 amulet of reflection {unknown}
 E - a +3 ring of protection (left hand)
Scrolls
 d - a scroll of amnesia {unknown}
 s - 4 scrolls of random uselessness {unknown}
 D - a scroll of identify {unknown}
 F - a scroll of teleportation {unknown}
Potions
 n - a potion of might
Comestibles
 c - 2 bread rations
 m - a beef jerky
 o - 2 meat rations
 v - a chunk of flesh


   Skills:
 + Level 5.2 Fighting
 + Level 2.8 Long Blades
 + Level 2.5 Maces & Flails
 + Level 0.6 Throwing
 + Level 3.5 Dodging
 + Level 0.1 Stealth


You had 4 spell levels left.
You didn't know any spells.

Dungeon Overview and Level Annotations

Branches:
Dungeon (2/15)

Altars:
Ashenzari


Innate Abilities, Weirdness & Mutations

You are too large for most types of armour.
You have tough skin. (AC +1)


Message History

* * * LOW HITPOINT WARNING * * *
You feel sick.
* * * LOW HITPOINT WARNING * * *
You feel sick.
You barely miss the scorpion.
The scorpion is lightly wounded.
* * * LOW HITPOINT WARNING * * *
You feel sick.
The scorpion stings you but does no damage.
You found a teleport trap!
* * * LOW HITPOINT WARNING * * *
You feel sick.
Really walk into that teleport trap? [Y]es or [N]o only, please.
Really walk into that teleport trap? [Y]es or [N]o only, please.
Really walk into that teleport trap?
You enter a teleport trap!
The teleport trap disappears.
Your surroundings suddenly seem different.
You die...

..................##..##..#####..
####.#.....#......##......## #..#
#.#.#.#.##.#####....#...# #...
####.#.#.#.##.#####...#..#.# #...
.....#.#.#.#..##...........# ....
####...........#......>....##..#.
#.........#.............#...#.
#.....###...................#.
#............@..........#.#...
###.........<...................
#...................#####......
#....................####....#..
###..#.................#.......
#...................##.....#
#..........................#
#.....†..............####.##
##.................#### #.....#


There were no monsters in sight!

Vanquished Creatures
  A phantom (D:4)
  A worker ant (D:4)
  An adder (D:2)
  2 dart slugs (D:2)
  2 ball pythons
  2 giant cockroaches (D:1)
  4 goblins (D:1)
  2 hobgoblins
  3 quokkas (D:4)
  3 bats (D:1)
  5 frilled lizards
  4 kobolds
  4 rats (D:1)
34 creatures vanquished.

Notes
Turn   | Place    | Note
-------+----------+-------------------------------------------
     0 | D:1      | TheAce363 the Ogre Berserker began the quest for the Orb.
     0 | D:1      | Reached XP level 1. HP: 24/24 MP: 1/1
   147 | D:1      | Reached XP level 2. HP: 25/32 MP: 2/2
   193 | D:1      | Found a shattered altar of Ashenzari.
   851 | D:2      | Reached XP level 3. HP: 37/40 MP: 3/3
  1235 | D:2      | You fall through a shaft for 2 floors!
  1302 | D:4      | Reached ** piety under Trog
  1331 | D:4      | Noticed a phantom
  1366 | D:4      | Killed a phantom
  1366 | D:4      | Reached skill level 5 in Fighting
  1366 | D:4      | Reached XP level 4. HP: 26/50 MP: 4/4
  1366 | D:4      | Reached XP level 5. HP: 30/57 MP: 5/5
  1423 | D:4      | Upgraded the game from 0.20-a0-8-g0e8e6b5 to 0.20-a0-9-g62d82d9
  1634 | D:4      | HP: 1/57 [poisoned by a scorpion]
  1635 | D:4      | Succumbed to a scorpion's poison

Vault maps used:
D:1:      minmay_arrival_up_and_down, nicolae_ashenzari_panopticon
D:2:      nicolae_overflow_hidden_temple, okawaru_trees_1, uniq_sigmund,
          uniq_robin, uniq_terence
D:4:      first_bread, st_stairs_3

Skill      XL: |  1  2  3 |
---------------+----------+-----
Dodging        | 3 |  3.5
Fighting       | 5 |  5.2
Maces & Flails | 2 |  2.5
Long Blades    | |  2.8
Throwing       | |  0.6
Stealth        | |  0.1

Action                   |  1- 3 |  4- 6 || total
-------------------------+-------+-------++-------
Melee: Falchion          |    31 |       ||    31
       Whip              |    60 |    17 ||    77
Throw: Stone             |    21 |     4 ||    25
Invok: Berserk           |     1 |       ||     1
  Use: Potion            |     4 |     2 ||     6
  Eat: Chunk             |     2 |     1 ||     3
Armor: Animal skin       |    20 |     3 ||    23
Dodge: Dodged            |    40 |    10 ||    50
       Rpst.: Falchion   |     6 |       ||     6
